 Dungeon Crawl Stone Soup version 0.20-a0-809-gaf7f668 (webtiles) character file.

567 Alarkh the Slasher (level 7, 0/54 HPs)
             Began as a Demonspawn Fighter on Mar 2, 2017.
             Slain by an orc wizard
             ... wielding a +0 dagger
              (3 damage)
             ... on level 4 of the Dungeon.
             The game lasted 00:03:43 (3797 turns).

Alarkh the Slasher (Demonspawn Fighter)             Turns: 3797, Time: 00:03:45

Health: 0/54       AC:  8    Str: 16    XL:     7   Next: 11%
Magic:  0/7        EV:  8    Int: 13    God:
Gold:   175        SH:  9    Dex: 13    Spells: 6/6 levels left

rFire    . . .     SeeInvis .   a - +0 long sword
rCold    . . .     Gourm    .   b - +0 scale mail
rNeg     . . .     Faith    .   c - +0 shield
rPois    .         Spirit   +   (no helmet)
rElec    .         Reflect  .   (no cloak)
rCorr    .         Harm     .   l - +0 pair of gloves
MR       .....                  (no boots)
Stlth    ..........             (no amulet)
Regen    0.2/turn               (no ring)
MPRegen  0.1/turn               n - +2 ring of intelligence

@: no status effects
A: claws 1, powered by death 1, magic shield
a: no special abilities


You were on level 4 of the Dungeon.
You were very hungry.

You visited 1 branch of the dungeon, and saw 4 of its levels.

You collected 175 gold pieces.

Inventory:

Hand Weapons
 a - a +0 long sword (weapon)
Armour
 b - a +0 scale mail (worn)
 c - a +0 shield (worn)
 l - a +0 pair of gloves (worn)
Jewellery
 n - a +2 ring of intelligence (left hand)
Wands
 p - a wand of disintegration (11/24)
Scrolls
 e - a scroll of identify
 i - 5 scrolls of remove curse
 j - a scroll of recharging
 r - a scroll of amnesia {unknown}
Potions
 d - 2 potions of might
 g - 2 potions of curing
 k - a potion of mutation
 o - a potion of heal wounds
Books
 q - a book of Cantrips

   Spells                             Type                      Level
   a - Confusing Touch                Hexes                        1
   b - Animate Skeleton               Necromancy                   1
   c - Summon Small Mammal            Summoning                    1
   d - Apportation                    Translocation                1
Comestibles
 f - 4 bread rations
 h - 2 royal jellies
 m - 2 fruits


   Skills:
 + Level 4.2 Fighting
 * Level 4.5 Long Blades
 + Level 3.9 Armour
 + Level 2.2 Dodging
 + Level 3.7 Shields


You had 6 spell levels left.
You didn't know any spells.

Dungeon Overview and Level Annotations

Branches:
Dungeon (4/15)
 Temple: D:4-7

Altars:
Cheibriados
Kikubaaqudgha
Nemelex Xobeh


Innate Abilities, Weirdness & Mutations

You have sharp fingernails.
You regenerate a little health from kills.
When hurt, damage is shared between your health and your magic reserves.


Message History

Your shield and scale mail prevent you from hitting something.
The orc hits you from afar with a trident.
You hear some strange, mumbled words.
A puff of frost appears from out of thin air!
The puff of frost hits you!
* * * LOW HITPOINT WARNING * * *
You closely miss something. Something hits you but does no damage.
The orc hits you but does no damage.
You closely miss something. Something hits you but does no damage.
The orc hits you from afar with a trident.
* * * LOW HITPOINT WARNING * * *
Your shield and scale mail prevent you from hitting something.
Something hits you. You block the orc's attack.
Your shield and scale mail prevent you from hitting something.
You hear some strange, mumbled words.
A puff of frost appears from out of thin air!
The puff of frost hits you!
* * * LOW HITPOINT WARNING * * *
The orc barely misses you. Something hits you.
You die...

#.# #.# #.## #..#
###.#######
#.........#
#.#.#.###.# ###
#.#.#.###.####o..#.)
# #.........@{o.....
#.#.###.########..
#.#.# #.# #.... ..#
....##### #####


You could see 2 orcs.

Vanquished Creatures
  A phantom (D:4)
  An ogre (D:4)
  2 hounds (D:4)
  2 orc priests
  A centaur skeleton (D:4)
  3 worker ants (D:4)
  8 adders
  An ooze (D:1)
  An adder skeleton (D:4)
  2 worms
  3 dart slugs
  3 leopard geckos
  10 orcs
  4 giant cockroaches
  6 goblins
  8 hobgoblins
  3 jackals (D:3)
  A quokka (D:2)
  A ball python (D:3)
  5 bats
  5 frilled lizards
  8 kobolds
  6 rats
85 creatures vanquished.

Vanquished Creatures (others)
  A plant (D:1)
1 creature vanquished.

Grand Total: 86 creatures vanquished

Notes
Turn   | Place    | Note
-------+----------+-------------------------------------------
     0 | D:1      | Alarkh the Demonspawn Fighter began the quest for the Orb.
     0 | D:1      | Reached XP level 1. HP: 18/18 MP: 1/1
   165 | D:1      | Gained mutation: You regenerate a little health from kills. [demonic ancestry]
   165 | D:1      | Reached XP level 2. HP: 24/24 MP: 2/2
   651 | D:1      | Reached XP level 3. HP: 29/29 MP: 3/3
  1139 | D:2      | You fall through a shaft!
  1163 | D:3      | Gained mutation: When hurt, damage is shared between your health and your magic reserves. [demonic ancestry]
  1163 | D:3      | Reached XP level 4. HP: 29/35 MP: 4/4
  1673 | D:3      | Reached skill level 1 in Dodging
  1735 | D:3      | Found a snail-covered altar of Cheibriados.
  1754 | D:3      | Gained mutation: You have sharp fingernails. [demonic ancestry]
  1754 | D:3      | Reached XP level 5. HP: 41/41 MP: 5/5
  1788 | D:2      | Found an ancient bone altar of Kikubaaqudgha.
  2317 | D:4      | Noticed a phantom
  2365 | D:4      | HP: 2/42 [phantom (5)]
  2370 | D:4      | Killed a phantom
  2370 | D:4      | Reached XP level 6. HP: 3/48 MP: 1/6
  3295 | D:4      | Found a sparkling altar of Nemelex Xobeh.
  3336 | D:4      | Reached XP level 7. HP: 12/54 MP: 3/7
  3797 | D:4      | Slain by an orc wizard

Vault maps used:
D:1:      lightli_molten_gateway, lexackson_kobold_supper
D:2:      lemuel_upstairs_altar
D:3:      cheibriados_altar_1
D:4:      minmay_temple_entry_fiery, first_bread, nemelex_spade_bored_becter,
          uniq_crazy_yiuf_cottage

Skill      XL: |  1  2  3  4  5  6 |
---------------+-------------------+-----
Long Blades    | 2 3 4 |  4.5
Armour         | 3 |  3.9
Shields        | 3 |  3.7
Dodging        | 1 2 |  2.2
Fighting       | 4 |  4.2

Action                   |  1- 3 |  4- 6 |  7- 9 || total
-------------------------+-------+-------+-------++-------
Melee: Long sword        |   158 |   221 |    43 ||   422
  Use: Scroll            |     1 |     4 |       ||     5
       Potion            |       |     1 |       ||     1
  Eat: Chunk             |     1 |     8 |       ||     9
Armor: Scale mail        |    91 |    98 |    17 ||   206
Dodge: Dodged            |    64 |    73 |    13 ||   150
Block: Shield            |    84 |   110 |    19 ||   213
       Rpst.: Long sword |    13 |    25 |       ||    38
